 Dungeon Crawl Stone Soup version 0.17-a0-2055-gb4e23be (webtiles) character file.

122 tp1 the Skirmisher (level 5, 48/48 HPs)
             Began as a Hill Orc Fighter on Oct 11, 2015.
             Quit the game on level 3 of the Dungeon.
             The game lasted 00:13:17 (1730 turns).

tp1 the Skirmisher (Hill Orc Fighter)               Turns: 1730, Time: 00:13:17

Health: 48/48      AC:  8    Str: 19    XL:     5   Next: 6%
Magic:  5/5        EV:  9    Int:  8    God:
Gold:   93         SH:  0    Dex: 11    Spells: 0 memorised, 4 levels left

rFire  . . .     SeeInvis .     s - +4 quarterstaff (chaos)
rCold  . . .     Clarity  .     b - +0 scale mail
rNeg   . . .     SustAt   .     (no shield)
rPois  .         Gourm    .     v - +0 helmet
rElec  .         Spirit   .     (no cloak)
rCorr  .         Warding  .     (no gloves)
rMut   .         Stasis   .     (no boots)
MR     .....                    (no amulet)
Stlth  ..........               (no ring)
                                (no ring)

@: not resistant to hostile enchantments, extremely unstealthy
A: no striking features
a: no special abilities


You were on level 3 of the Dungeon.
You were not hungry.

You visited 1 branch of the dungeon, and saw 3 of its levels.

You collected 93 gold pieces.

Inventory:

Hand Weapons
 a - a +0 war axe
 r - a +0 mace
 s - a +4 quarterstaff of chaos (weapon)
Missiles
 p - 24 arrows
 q - 23 arrows of dispersal
Armour
 b - a +0 scale mail (worn)
 c - a +0 shield
 t - a +1 cloak of magic resistance
 v - a +0 helmet (worn)
Scrolls
 g - a scroll of fog {unknown}
 i - a scroll of enchant armour {unknown}
 j - a scroll of magic mapping {unknown}
 m - a scroll of identify {unknown}
 n - a scroll of remove curse {unknown}
 o - a scroll of recharging {unknown}
 w - a scroll of teleportation {unknown}
 x - 3 scrolls of immolation {unknown}
Potions
 d - a potion of might
 f - a potion of curing {unknown}
 h - a potion of degeneration {unknown}
 l - a potion of poison {unknown}
Comestibles
 e - a bread ration
 k - a royal jelly
 u - 6 chunks of flesh


   Skills:
 - Level 5.0 Fighting
 - Level 4.1 Axes
 + Level 1.0 Staves
 - Level 4.1 Armour
 - Level 3.4 Shields


You had 4 spell levels left.
You didn't know any spells.

Dungeon Overview and Level Annotations

Branches:
Dungeon (3/15)

Altars:
Ashenzari
Nemelex Xobeh
Qazlal
Ru
Zin


Message History

You sock the giant gecko!
You kill the giant gecko!
You sock the goblin! You freeze the goblin.
You kill the goblin!
Your Staves skill increases to level 1!
No target in view!
Things that are here:
a hand axe; an orc corpse You butcher the orc corpse.
u - 6 chunks of flesh (gained 3)
You see here a hand axe.
x - 3 scrolls labeled XEOTHR QAINY A worm comes into view.
The worm moves out of view.
No target in view!
No target in view!
No target in view!
Quiver which item? (- for none, * to show all) (? for menu, Esc to quit)
Okay, then.
Are you sure you want to abandon this character and quit the game? (Confirm with "yes".)

.. #..... ##.## ##.###
#...# #.# # . #...#
####.### .. #...#
###.)....# #.### #...#
#......#.#
#...###...###.#.#.....
##.......†.)....#...##
#....@..............#
+..............#.#..##
###.###...###.[._.....
... #...# #..#.#....
### #...# ###.......
#...# #....... #...#
##.....#
##.###########.#
#........# #.#


There were no monsters in sight!

Vanquished Creatures
  Crazy Yiuf (D:2)
  3 adders (D:2)
  An ooze (D:2)
  4 giant geckos
  2 orcs (D:3)
  6 bats
  7 goblins
  3 hobgoblins
  6 jackals (D:1)
  2 quokkas
  2 ball pythons (D:2)
  3 giant cockroaches
  6 giant newts
  4 kobolds
  10 rats
  A fungus (D:2)
61 creatures vanquished.

Vanquished Creatures (others)
  A worm (D:2)
1 creature vanquished.

Grand Total: 62 creatures vanquished

Notes
Turn   | Place    | Note
--------------------------------------------------------------
     0 | D:1      | tp1 the Hill Orc Fighter began the quest for the Orb.
     0 | D:1      | Reached XP level 1. HP: 19/19 MP: 1/1
    77 | D:1      | Reached XP level 2. HP: 17/27 MP: 2/2
   309 | D:1      | Reached skill level 4 in Axes
   387 | D:1      | Reached XP level 3. HP: 26/33 MP: 3/3
   696 | D:2      | Found a stormy altar of Qazlal.
  1078 | D:2      | Found a sacrificial altar of Ru.
  1086 | D:2      | Found a sparkling altar of Nemelex Xobeh.
  1092 | D:2      | Reached XP level 4. HP: 31/41 MP: 4/4
  1211 | D:2      | Reached skill level 5 in Fighting
  1473 | D:2      | Noticed Crazy Yiuf
  1485 | D:2      | Killed Crazy Yiuf
  1537 | D:3      | Found a shattered altar of Ashenzari.
  1620 | D:3      | Found a glowing silver altar of Zin.
  1707 | D:3      | Reached XP level 5. HP: 48/48 MP: 5/5
  1718 | D:3      | Reached skill level 1 in Staves
  1730 | D:3      | Quit the game

Vault maps used:
D:1:      mrwooster_arrival_arrow, serial_curves, eino_curves_04, eino_curves_02
D:2:      nicolae_ru_awakened_eye, nemelex_deck, grunt_qazlal_clouds,
          minmay_distorted, uniq_crazy_yiuf_cottage
D:3:      lemuel_crystal_altar, lemuel_crystal_altar,
          nicolae_tso_swordbearing_angel

Action                   |  1- 3 |  4- 6 || total
-------------------------+-------+-------++-------
Melee: War axe           |   100 |    56 ||   156
       Quarterstaff      |       |    18 ||    18
  Eat: Chunk             |     1 |     2 ||     3
